AoeStats
← ccereal

MegaRandom

509332020Analyzed
4v4 RM · 7d ago on Sep 26, 2026· 20m 20s· 8 players
Game mode
Random Map
Map size
Large (8 player)
Population
200
Speed
Normal
Resources
Standard
Victory
Conquest
Starting age
Dark Age
Ending age
Imperial Age
RankedLock teamsTeams togetherTeam positionsShared explorationLock speedFull tech treeHidden civsTurbo modeCheats
Victory
Defeat
🇫🇷 Saracens · France
1608
+9
🇫🇷 Gurjaras · France
1568
+11
🇫🇷 Britons · France
1461
+15
🇫🇷 Vietnamese · France
1265
+22
🇨🇳 Franks · China
1470
-16
🇹🇼 Saxons · Taiwan
1463
-15
🇸🇬 Britons · Singapore
1407
-13
1406
-13
大漁哥哥
0:35 Loom
9:47 Feudal Age
15:21 Castle Age
13:41 Double-Bit Axe
14:28 Horse Collar
17:00 Bow Saw
给你一棒槌
9:41 Feudal Age
10:24 Loom
10:26 Double-Bit Axe
13:00 Forging
8316699
0:43 Loom
10:33 Feudal Age
18:24 Castle Age
18:57 Double-Bit Axe
用爱感化队友
0:47 Loom
3:03 Double-Bit Axe
7:00 Horse Collar
11:16 Feudal Age
12:38 Bow Saw
15:15 Wheelbarrow
16:55 Stone Mining
17:40 Scale Barding Armor
19:37 Castle Age
Tonymontana
0:34 Loom
7:56 Feudal Age
11:03 Double-Bit Axe
11:58 Horse Collar
13:50 Fletching
18:36 Padded Archer Armor
ccereal
0:29 Loom
9:32 Feudal Age
10:13 Double-Bit Axe
13:04 Fletching
16:45 Horse Collar
20:40 Castle Age
19:43 Horse Collar
19:54 Gold Mining
Frorok
0:30 Loom
9:50 Feudal Age
10:34 Double-Bit Axe
10:55 Horse Collar
15:46 Forging
20:13 Castle Age
18:22 Gold Mining
18:45 Scale Barding Armor
19:31 Bloodlines
Jungle Kriss
5:54 Loom
9:12 Feudal Age
10:19 Double-Bit Axe
10:20 Horse Collar
12:50 Town Watch
Connection lost

Rejoining the realm…

Still unreachable

The connection could not be restored.

Session expired

The server has moved on; the page needs a fresh start.